 Dungeon Crawl Stone Soup version 0.26-a0-651-gb41185065b (webtiles) character file.

Game seed: 3177994169223602910

39 Lanoc the Sneak (level 3, -2/29 HPs)
             Began as a Demonspawn Delver on Oct 2, 2020.
             Was a Follower of Lugonu.
             Slain by a worker ant (7 damage)
             ... on level 4 of the Dungeon.
             The game lasted 00:01:20 (618 turns).

Lanoc the Sneak (Demonspawn Delver)                  Turns: 618, Time: 00:01:20

Health: -2/29      AC:  3    Str: 12    XL:     3   Next: 28%
Magic:  4/4        EV: 12    Int: 11    God:    Lugonu [*.....]
Gold:   19         SH:  0    Dex: 15    Spells: 2/2 levels left

rFire    . . .     SeeInvis .   a - +0 falchion
rCold    . . .     Faith    .   (no shield)
rNeg     . . .     Spirit   .   b - +0 leather armour
rPois    .         Reflect  .   (no helmet)
rElec    .         Harm     .   (no cloak)
rCorr    .         Rampage  .   (no gloves)
MR       .....                  (no boots)
Stlth    +++.......             (no amulet)
HPRegen  0.09/turn              (no ring)
MPRegen  0.09/turn              (no ring)

@: lethally poisoned (-2 -> -6), flying, hasted, very quick
A: demonic guardian 1, spiny 1
a: Depart the Abyss, Renounce Religion


You were on level 4 of the Dungeon.
You worshipped Lugonu.
Lugonu was aware of your devotion.
You visited 2 branches of the dungeon, and saw 3 of its levels.

You collected 58 gold pieces.
You spent 39 gold pieces at shops.

Inventory:

Hand Weapons
 a - a +0 falchion (weapon)
Armour
 b - a +0 leather armour (worn)
Wands
 g - a wand of digging (3)
Scrolls
 c - a scroll of fog
 d - a scroll of magic mapping
 e - a scroll of fear
 i - 2 scrolls of teleportation
Potions
 h - a potion of flight


   Skills:
 + Level 3.4 Fighting
 - Level 1.7 Long Blades
 + Level 2.3 Dodging
 - Level 4.5 Stealth
 * Level 2.3 Invocations


You had 2 spell levels left.
You didn't know any spells.
Your spell library contained the following spells:

 Spells                   Type           Power        Failure   Level
 Confusing Touch          Hex            #.......     80%         3
 Gell's Gravitas          Tloc           #.........   80%         3
 Petrify                  Tmut/Erth      #.......     99%         4
 Metabolic Englaciation   Hex/Ice        #.........   100%        5
 Yara's Violent Unravell  Hex/Tmut       #.........   100%        5


Dungeon Overview and Level Annotations

Branches:
Dungeon (5/15)             Temple (1/1) D:5

Altars:
Dithmenos
Fedhas
Gozag
Hepliaklqana
Okawaru
Qazlal
Trog
Vehumet
Wu Jian
Zin
The Shining One
Lugonu

Shops:
D:4 ?


Innate Abilities, Weirdness & Mutations

A weak demonic guardian rushes to your aid.
You are partially covered in sharp spines.


Message History

The worker ant bites you.
You are poisoned.
The worker ant poisons you! The worker ant bites you.
* * * LOW HITPOINT WARNING * * *
You hit the worker ant but do no damage.
The worker ant is heavily wounded.
* * * LOW HITPOINT WARNING * * *
You feel sick. The worker ant barely misses you.
It was a potion of flight.
You feel very buoyant.
You fly up into the air.
The worker ant is struck by your spines.
The worker ant completely misses you.
* * * LOW HITPOINT WARNING * * *
You feel sick.
You feel yourself speed up. The worker ant closely misses you.
You riposte.
You hit the worker ant.
The worker ant is almost dead.
The worker ant bites you!
You die...

## ############
.# .......>...#
.# .#########.#
.# ###.#.# .#
#####..###.# .#
#.....##
#.####.#
.##.#.∩.#
##..@a.#
........##
##.######
>######..###.##
###.#.## ##.##
........#
#########


You could see a worker ant.

Vanquished Creatures
  A worker ant (D:5)
  An adder (D:5)
  An ufetubus (Temple)
  A leopard gecko zombie (D:5)
  A quokka zombie (D:5)
5 creatures vanquished.

Notes
Turn   | Place    | Note
-------+----------+-------------------------------------------
     0 | D:5      | Lanoc the Demonspawn Delver began the quest for the Orb.
     0 | D:5      | Reached XP level 1. HP: 18/18 MP: 1/1
    11 | D:5      | Found a staircase to the Ecumenical Temple.
    25 | D:5      | Noticed a worker ant
    36 | Temple   | Entered the Ecumenical Temple
   399 | Temple   | Became a worshipper of Lugonu the Unformed
   399 | Temple   | Reached * piety under Lugonu
   425 | D:5      | Killed a worker ant
   425 | D:5      | Gained mutation: You are partially covered in sharp spines.
                  | [demonic ancestry]
   425 | D:5      | Reached XP level 2. HP: 16/24 MP: 1/3
   425 | D:5      | Gained mutation: A weak demonic guardian rushes to your
                  | aid. [demonic ancestry]
   425 | D:5      | Reached XP level 3. HP: 20/29 MP: 1/4
   594 | D:4      | Found Hatevveom's Magic Scroll Shoppe.
   599 | D:4      | Bought a scroll of teleportation for 39 gold pieces
   618 | D:4      | Slain by a worker ant

Illustrated notes

Levels and vault maps discovered:
D:4:      layout_loops_ring, gammafunk_temple_overflow_claw, serial_shops,
          nicolae_shop_stone
D:5:      layout_layer_cave, minmay_temple_entry_ruins, nicolae_sextant,
          item_on_display_a
Temple:   kb_corrupted_temple

Skill      XL: |  1 |
---------------+----+-----
Dodging        | 2 |  2.3
Invocations    | 2 |  2.3
Fighting       | |  3.4
Long Blades    | |  1.7
Stealth        | |  4.5

Action                   || total
-------------------------++-------
Melee: Falchion          ||    20
  Use: Potion            ||     2
 Stab: Sleeping          ||     1
Armor: Leather armour    ||     2
Dodge: Dodged            ||    22
       Rpst.: Falchion   ||     7

Table legend: (Time is in decaauts)
 A = Elapsed time spent in this place.
 B = Non-inter-level travel time spent in this place.
 C = Inter-level travel time spent in this place.
 D = Time resting spent in this place.
 E = Time spent auto-exploring this place.
 F = Levels seen in this place.
 G = Mean time per level.
                   A        B        C        D        E       F      G
               +--------+--------+--------+--------+--------+-----+--------+
         Total |    622 |    598 |     24 |    240 |    231 |   3 |  207.3 |
       Dungeon |    239 |    232 |      7 |      0 |    154 |   2 |  119.5 |
        Temple |    382 |    365 |     17 |    240 |     77 |   1 |  382.0 |
               +--------+--------+--------+--------+--------+-----+--------+

Top non-repeatable levels by time:
  Temple: 382 daAuts
     D:5: 211 daAuts
     D:4: 27 daAuts
